 Dungeon Crawl Stone Soup version 0.18-a0-1577-gf591c28 (webtiles) character file.

29 Chiseanne the Ogre Mage (level 3, 0/33 HPs)
             Began as an Ogre Enchanter on Mar 24, 2016.
             Slain by an orc wizard
             ... wielding a cursed -2 dagger
              (2 damage)
             ... on level 4 of the Dungeon.
             The game lasted 00:04:15 (1118 turns).

Chiseanne the Ogre Mage (Ogre Enchanter)            Turns: 1118, Time: 00:04:15

Health: 0/33       AC:  4    Str: 13    XL:     3   Next: 16%
Magic:  4/7        EV: 10    Int: 14    God:
Gold:   54         SH:  0    Dex: 11    Spells: 3 memorised, 1 level left

rFire  . . .     SeeInvis .     a - +1 dagger
rCold  . . .     Gourm    .     b - +1 robe
rNeg   . . .     Faith    .     (no shield)
rPois  .         Spirit   .     (helmet restricted)
rElec  .         Dismiss  .     (no cloak)
rCorr  .         Reflect  .     (gloves unavailable)
SustAt .         Harm     .     (boots unavailable)
MR     .....                    (no amulet)
Stlth  ++........               (no ring)
                                (no ring)

@: very slightly contaminated, hasted, very quick, not resistant to hostile
enchantments, unstealthy
A: unfitting armour, tough skin 1
a: no special abilities


You were on level 4 of the Dungeon.
You were not hungry.

You visited 1 branch of the dungeon, and saw 3 of its levels.

You collected 54 gold pieces.

Inventory:

Hand Weapons
 a - a +1 dagger (weapon)
 j - a +0 flail
Missiles
 m - 12 poisoned needles
Armour
 b - a +1 robe (worn)
Magical Staves
 i - an uncursed staff of wizardry {unknown}
Potions
 e - a potion of curing {unknown}
 h - a potion of lignification {unknown}
Books
 c - a book of Maledictions

   Spells                             Type                      Level
   a - Corona                         Hexes                        1
   b - Ensorcelled Hibernation        Hexes/Ice                    2
   c - Confuse                        Hexes                        3
   d - Tukima's Dance                 Hexes                        3
   e - Dazzling Spray                 Conjuration/Hexes            3
Comestibles
 d - 2 bread rations
 g - a meat ration
 k - a slice of pizza
 l - a chunk of flesh


   Skills:
 + Level 1.5 Fighting
 - Level 0.5 Short Blades
 * Level 2.4 Dodging
 - Level 2.4 Stealth
 * Level 2.8 Spellcasting
 * Level 2.3 Hexes


You had one spell level left.
You knew the following spells:

 Your Spells              Type           Power        Failure   Level  Hunger
a - Corona                Hex            #......      10%         1    #......
b - Ensorcelled Hibernat  Hex/Ice        #.....       24%         2    ##.....
c - Confuse               Hex            #.......     24%         3    ###....


Dungeon Overview and Level Annotations

Branches:
Dungeon (2/15)

Altars:
Qazlal
The Shining One


Innate Abilities, Weirdness & Mutations

You are too large for most types of armour.
You have tough skin (AC +1).


Message History

The orc wizard resists with significant effort.
The orc wizard barely misses you.
You hit the orc wizard but do no damage.
The orc wizard is moderately wounded.
The orc wizard completely misses you. The orc wizard hits you with a dagger.
You hit the orc wizard.
The orc wizard is heavily wounded.
The orc wizard casts a spell at you. The magic dart hits you!
* * * LOW HITPOINT WARNING * * *
Casting: Corona
Confirm with . or Enter, or press ? or * to list all spells.
Aiming: Corona
Press: ? - help, Shift-Dir - straight line, f/p - orc wizard
Aim: an orc wizard, wielding a dagger and wearing a robe (heavily wounded, fast, chance to defeat MR: 43%)
The orc wizard is outlined in light.
You hit the orc wizard but do no damage.
The orc wizard is heavily wounded.
The orc wizard completely misses you. The orc wizard hits you with a dagger.
You die... ### #.# ## ... .. #.# . # #.# ##o #@# #oo

#####o# #.# #...oo#
#.#### #.###.# #.##.##
#.########.#...###
#...o.o.o.>.......
.._....########.#..[###
.....#.. #.##.##
≈...§#.. #.####


You could see an orc wizard and 2 orcs.

Vanquished Creatures
  A worm (D:4)
  A giant gecko (D:1)
  An orc (D:4)
  4 bats (D:1)
  5 goblins (D:1)
  3 hobgoblins (D:1)
  4 kobolds (D:1)
  2 ball pythons
21 creatures vanquished.

Notes
Turn   | Place    | Note
--------------------------------------------------------------
     0 | D:1      | Chiseanne the Ogre Enchanter began the quest for the Orb.
     0 | D:1      | Reached XP level 1. HP: 16/16 MP: 3/3
   137 | D:1      | Reached skill level 1 in Fighting
   137 | D:1      | Reached XP level 2. HP: 25/27 MP: 3/5
   629 | D:1      | Found a glowing golden altar of the Shining One.
   876 | D:2      | You fall through a shaft for 2 floors!
   884 | D:4      | Reached XP level 3. HP: 33/33 MP: 2/7
   933 | D:4      | Learned a level 2 spell: Ensorcelled Hibernation
   937 | D:4      | Learned a level 3 spell: Confuse
  1096 | D:4      | Found a stormy altar of Qazlal.
  1118 | D:4      | Slain by an orc wizard

Vault maps used:
D:1:      dpeg_arrival_rooms_b, tso_altar
D:2:      fedhas_altar_3, gammafunk_temple_overflow_elements,
          hangedman_abyss_or_decor_lesser_grid
D:4:      grunt_qazlal_clouds, first_bread

Skill      XL: |  1 |
---------------+----+-----
Dodging        | 2 |  2.4
Fighting       | 1 |  1.5
Short Blades   | |  0.5
Stealth        | |  2.4
Spellcasting   | |  2.8
Hexes          | |  2.3

Action                   || total
-------------------------++-------
Melee: Dagger            ||    87
 Cast: Corona            ||    26
  Use: Scroll            ||     3
       Potion            ||     1
  Eat: Chunk             ||     1
